 Dungeon Sprint DCSS version 0.25-a0-589-g1e14c549ee (webtiles) character file.

Game seed: 16838623202143048589, levelgen mode: deterministic

431 jt the Blocker (level 6, -2/37 HPs)
             Began as a Gargoyle Fighter on Mar 9, 2020.
             Was an Initiate of Qazlal.
             Slain by a slime creature (14 damage)
             ... in the Dungeon (Sprint I: "Red Sonja").
             The game lasted 00:01:02 (444 turns).

jt the Blocker (Gargoyle Fighter)                    Turns: 444, Time: 00:01:03

Health: -2/37      AC: 11    Str: 21    XL:     6   Next: 99%
Magic:  6/6        EV:  9    Int:  9    God:    Qazlal [......]
Gold:   297        SH: 12    Dex:  9    Spells: 5/5 levels left

rFire    . . .     SeeInvis .   a - +0 flail
rCold    . . .     Gourm    .   c - +0 kite shield
rNeg     + . .     Faith    .   b - +0 scale mail
rPois    ∞         Spirit   .   (no helmet)
rElec    +         Reflect  .   (no cloak)
rCorr    .         Harm     .   (no gloves)
MR       .....     NoTele   +   (no boots)
Stlth    ..........             (no amulet)
HPRegen  0.12/turn              (no ring)
MPRegen  0.10/turn              (no ring)

@: mighty
A: negative energy resistance 1, electricity resistance, unbreathing,
petrification resistance, rot immunity, AC +4
a: Renounce Religion


You were in the Dungeon.
You worshipped Qazlal.
Qazlal was noncommittal.
You were not hungry.

You visited 1 branch You collected 297 gold pieces.

Inventory:

Hand Weapons
 a - a +0 flail (weapon)
 j - a +0 scythe
Missiles
 o - 24 stones (quivered)
Armour
 b - a +0 scale mail (worn)
 c - a +0 kite shield (worn)
 m - a +0 robe of magic resistance
Wands
 l - a wand of random effects (15)
 n - a wand of flame (20)
Scrolls
 k - a scroll of blinking
Potions
 e - a potion of curing
 g - a potion of heal wounds
 h - 2 potions of haste
 i - 2 potions of magic
Comestibles
 d - a chunk of flesh
 f - a ration


   Skills:
 - Level 3.2 Fighting
 + Level 10.3 Maces & Flails
 - Level 3.2 Armour
 + Level 11.4 Shields


You had 5 spell levels left.
You didn't know any spells.
Your spell library was empty.

Dungeon Overview and Level Annotations

Branches:
Dungeon (1/1)

Altars:
Cheibriados
Dithmenos
Elyvilon
Fedhas
Gozag
Hepliaklqana
Kikubaaqudgha
Makhleb
Nemelex Xobeh
Okawaru
Qazlal
Ru
Sif Muna
Trog
Uskayaw
Vehumet
Wu Jian
Xom
Yredelemnul
Zin
The Shining One
Jiyva
Lugonu

Shops:
D ?


Innate Abilities, Weirdness & Mutations

You are resistant to torment.
Your stone body is resilient. (AC +4)
You are immune to poison.
You resist negative energy. (rN+)
You are resistant to electric shocks. (rElec)
You can survive without breathing.
You are immune to petrification.
You are immune to rotting.


Message History

Found a viscous altar of Jiyva and a corrupted altar of Lugonu.
The slime creature hits you!
Found a burning altar of Makhleb and a shimmering altar of Xom.
There is an open door here.
You sock the slime creature!
The slime creature is lightly wounded.
The slime creature completely misses you.
You thump the slime creature!
The slime creature is moderately wounded.
The slime creature hits you!
You sock the slime creature!
The slime creature is heavily wounded.
The slime creature barely misses you.
You sock the slime creature!
The slime creature is severely wounded.
You block the slime creature's attack.
You barely miss the slime creature.
The slime creature is heavily wounded.
The slime creature hits you!
You die...

###################
#<.#..)..#..'..#__#
#..').#..'..#..@..+
#..#####'#####'#J_#
#..## #..#...#.####
#..#__####..##(#
#..#_____##'#_.+
#⌠⌠#_.∩...÷..._#
####_..__##_.#'#
#_____###+#.#
####### ###


You could see a slime creature.

Vanquished Creatures
  Sigmund (D)
  A yak (D)
  An ogre (D)
  A jelly (D)
  Ijyb (D)
5 creatures vanquished.

Notes
Turn   | Place    | Note
-------+----------+-------------------------------------------
     0 | D        | jt the Gargoyle Fighter began the quest for the Orb.
     0 | D        | Reached XP level 1. HP: 14/14 MP: 1/1
     2 | D        | Noticed Ijyb
    21 | D        | Killed Ijyb
    21 | D        | Reached skill level 5 in Shields
    21 | D        | Reached XP level 2. HP: 19/19 MP: 2/2
    21 | D        | Reached XP level 3. HP: 23/23 MP: 3/3
    28 | D        | Noticed an ogre
    33 | D        | Killed an ogre
    33 | D        | Reached skill level 7 in Shields
    33 | D        | Reached XP level 4. HP: 28/28 MP: 4/4
   101 | D        | Noticed Sigmund
   116 | D        | Killed Sigmund
   116 | D        | Reached skill level 10 in Shields
   116 | D        | Reached XP level 5. HP: 12/32 MP: 5/5
   116 | D        | Reached XP level 6. HP: 13/37 MP: 6/6
   325 | D        | Found a shimmering blue altar of Sif Muna.
   326 | D        | Found an ornate altar of the Wu Jian Council.
   327 | D        | Found a radiant altar of Vehumet.
   419 | D        | Found Aquism's Magic Scroll Emporium.
   419 | D        | Found an ancient bone altar of Kikubaaqudgha.
   419 | D        | Found a hazy altar of Hepliaklqana.
   419 | D        | Found a hide-covered altar of Uskayaw.
   419 | D        | Found a basalt altar of Yredelemnul.
   419 | D        | Found an opulent altar of Gozag.
   419 | D        | Found a snail-covered altar of Cheibriados.
   419 | D        | Found a sacrificial altar of Ru.
   419 | D        | Found a shadowy altar of Dithmenos.
   419 | D        | Noticed a yak
   423 | D        | Killed a yak
   423 | D        | Reached skill level 10 in Maces & Flails
   423 | D        | Reached skill level 11 in Shields
   424 | D        | Found a stormy altar of Qazlal.
   424 | D        | Found a blossoming altar of Fedhas.
   424 | D        | Found a bloodstained altar of Trog.
   424 | D        | Found an iron altar of Okawaru.
   424 | D        | Found a glowing golden altar of the Shining One.
   424 | D        | Found a glowing silver altar of Zin.
   424 | D        | Found a white marble altar of Elyvilon.
   427 | D        | Found a sparkling altar of Nemelex Xobeh.
   429 | D        | Became a worshipper of Qazlal Stormbringer
   438 | D        | Found a viscous altar of Jiyva.
   438 | D        | Found a corrupted altar of Lugonu.
   438 | D        | Noticed a slime creature
   439 | D        | Found a burning altar of Makhleb.
   439 | D        | Found a shimmering altar of Xom.
   444 | D        | Slain by a slime creature

Levels and vault maps discovered:
D:        dungeon_sprint_1 [red_sonja_temple_1, red_sonja_temple_small_1]

Skill      XL: |  1  2  3  4  5  6 |
---------------+-------------------+-----
Maces & Flails | 4 6 9 10 | 10.3
Shields        | 5 7 10 11 | 11.4
Fighting       | |  3.2
Armour         | |  3.2

Action                   |  1- 3 |  4- 6 || total
-------------------------+-------+-------++-------
Melee: Flail             |    23 |    23 ||    46
  Use: Potion            |     1 |     1 ||     2
Armor: Scale mail        |    10 |     4 ||    14
Dodge: Dodged            |     4 |     6 ||    10
Block: Kite shield       |     6 |     3 ||     9

Table legend:
 A = Non-vault XP
 B = Vault XP
 C = Vault XP percentage of total XP
 D = Non-vault monster count
 E = Vault monster count
 F = Vault count percentage of total count
                 A         B        C        D         E       F
            +---------+---------+-------+---------+---------+-------
      Total |       0 |     616 | 100.0 |       0 |       5 | 100.0
            +---------+---------+-------+---------+---------+-------
          D |       0 |     616 | 100.0 |       0 |       5 | 100.0
            +---------+---------+-------+---------+---------+-------
